 Dungeon Crawl Stone Soup version 0.30.1-9-gdf580d7c3d (webtiles) character file.

Game seed: 11691451530376797005

91 Ivernyr the Ruffian (level 4, -3/38 HPs)
             Began as a Ghoul Gladiator on Oct 4, 2023.
             Slain by a gnoll
             ... wielding a +0 club
              (4 damage)
             ... on level 1 of the Dungeon.
             The game lasted 00:03:09 (1059 turns).

Ivernyr the Ruffian (Ghoul Gladiator)               Turns: 1059, Time: 00:03:09

Health: -3/38      AC:  8    Str: 19    XL:     4   Next: 57%
Magic:  3/3        EV:  8    Int:  3    God:
Gold:   116        SH:  8    Dex: 10    Spells: 3/3 levels left

rFire   . .          .
                       - Unarmed
rCold   + . .        f - +2 kite shield
rNeg    + + +        a - +0 scale mail
rPois   ∞            b - +0 helmet
rElec   .            (no cloak)
rCorr   .            (no gloves)
SInv    .            k - +0 pair of boots
Will    .....        (no amulet) Stlth
                     (no ring)
HPRegen 0.00/turn    (no ring)
MPRegen 0.08/turn

%: no passive effects
@: inhibited regen
A: claws 1, cold resistance 1, negative energy resistance 3, inhibited
regeneration, torment resistance 2, devour on kill
a: no special abilities


You were on level 1 of the Dungeon.
You visited 1 branch of the dungeon, and saw 2 of its levels.

You collected 116 gold pieces.

Inventory:

Missiles
 c - 3 throwing nets (quivered)
 d - a javelin
Armour
 a - a +0 scale mail (worn)
 b - a +0 helmet (worn)
 f - a +2 kite shield (worn)
 k - a +0 pair of boots (worn)
Wands
 i - a wand of polymorph (3)
Scrolls
 e - 4 scrolls of identify {unknown}
 g - 2 scrolls of enchant armour {unknown}
 j - 2 scrolls of blinking {unknown}
 l - a scroll of noise {unknown}
Potions
 h - a potion of lignification {unknown}
 m - a potion of haste {unknown}
 n - a potion of flight {unknown}
 o - a potion of brilliance {unknown}


   Skills:
 + Level 3.0 Fighting
 - Level 1.7 Throwing
 + Level 1.3 Armour
 + Level 3.2 Dodging
 * Level 4.4 Unarmed Combat


You had 3 spell levels left.
You didn't know any spells.
Your spell library contained the following spells:

 Spells                   Type           Power      Damage    Failure   Level
 Ensorcelled Hibernation  Hex/Ice        0%         N/A       100%        2
 Vhi's Electric Charge    Tloc/Air       0%         N/A       100%        3
 Anguish                  Hex/Necr       0%         N/A       100%        4
 Arcjolt                  Conj/Air       0%         1d10      100%        5
 Maxwell's Capacitive Co  Air            0%         ∞         100%        8
 Spider Form              Tmut/Pois      Unusable   N/A       N/A         3

Dungeon Overview and Level Annotations

Branches:
Dungeon (2/15)

Altars:


Innate Abilities, Weirdness & Mutations

You are immune to poison.
You have sharp fingernails.
Your flesh is cold resistant. (rC+)
You are immune to negative energy. (rN+++)
You do not regenerate when monsters are visible.
You are immune to unholy pain and torment.
You thrive by killing the living.


Message History

You scratch the endoplasm.
The endoplasm is severely wounded.
The endoplasm closely misses you. The gnoll hits you but does no damage.
You claw the endoplasm!
You kill the endoplasm!
You feel better.
You miss the frilled lizard. The frilled lizard closely misses you.
You barely miss the frilled lizard.
The frilled lizard bites you but does no damage.
You scratch the frilled lizard.
You kill the frilled lizard!
The gnoll hits you but does no damage. x2
You see here a frilled lizard corpse.
You claw the gnoll!
The gnoll is severely wounded.
The gnoll hits you from afar with a +0 spear.
* * * LOW HITPOINT WARNING * * *
The gnoll barely misses you. You block the gnoll's attack.
The gnoll hits you but does no damage. The gnoll hits you with a +0 spear.
* * * LOW HITPOINT WARNING * * *
You see here a frilled lizard corpse.
The gnoll attacks as you move away! You block the gnoll's attack.
The gnoll hits you but does no damage. The gnoll attacks as you move away!
You block the gnoll's attack.
You barely miss the gnoll.
The gnoll is severely wounded.
The gnoll barely misses you. The gnoll hits you but does no damage.
The gnoll attacks as you move away! The gnoll hits you but does no damage.
There is an escape hatch in the ceiling here.
The gnoll hits you from afar with a +0 spear.
* * * LOW HITPOINT WARNING * * *
A mysterious force pulls you upwards. The hatch slams shut behind you.
You scratch the gnoll but do no damage.
The gnoll is severely wounded.
The gnoll hits you with a +0 club.
* * * LOW HITPOINT WARNING * * *
You closely miss the gnoll.
The gnoll is severely wounded.
The gnoll hits you with a +0 club.
You die...

####.####..##.# ###..##
..............# #..#
......###..#### #..#
#.##..# #...### #..#
##.##.# #.#...######..####
##.##.# #...#............#
#.##..# #.###>.#####.#.#.#
......###.###..#####.#.#.#
......##.#.....g@..#.#.#.#
####.####.###..###...#.#.#
#.########..###..##.#.#
#...................#.#
#########.".......###.#
#...###...###.#
#.....>.......#
#..####...#####
#..##.....#


You could see a gnoll.

Vanquished Creatures
  Terence (D:2)
  2 adders (D:2)
  A gnoll (D:2)
  A worm (D:2)
  6 bats
  4 endoplasms
  A giant cockroach (D:1)
  2 goblins (D:1)
  A hobgoblin (D:1)
  2 jackals (D:2)
  2 kobolds
  2 quokkas (D:1)
  4 ball pythons
  4 frilled lizards (D:2)
  3 rats
36 creatures vanquished.

Notes
Turn   | Place    | Note
-------+----------+-------------------------------------------
     0 | D:1      | Ivernyr the Ghoul Gladiator began the quest for the Orb.
     0 | D:1      | Reached XP level 1. HP: 17/17 MP: 0/0
   217 | D:1      | Reached XP level 2. HP: 18/25 MP: 1/1
   742 | D:2      | Noticed Terence
   759 | D:2      | Killed Terence
   760 | D:2      | Reached skill level 1 in Armour
   760 | D:2      | Reached skill level 4 in Unarmed Combat
   760 | D:2      | Reached XP level 3. HP: 25/30 MP: 2/2
   925 | D:2      | Reached XP level 4. HP: 37/37 MP: 3/3
  1058 | D:1      | HP: 1/38 [gnoll/+0 club (6)]
  1059 | D:1      | Slain by a gnoll

Illustrated notes

Levels and vault maps discovered:
D:1:      lemuel_arrival_muddy, layout_loops_ring,
          amcnicky_mini_corridor_feature, minmay_misc_feat_square
D:2:      layout_basic, minmay_hexomino_c4, uniq_terence

Skill      XL: |  1  2  3  4 |
---------------+-------------+-----
Armour         | 1 |  1.3
Dodging        | 3 |  3.2
Unarmed Combat | 4 |  4.4
Fighting       | 3 |  3.0
Throwing       | |  1.7

Action                     |  1- 3 |  4- 6 || total
---------------------------+-------+-------++-------
  Melee: Unarmed           |    94 |    39 ||   133
 Armour: Leather armour    |    35 |       ||    35
         Scale mail        |     6 |    14 ||    20
  Dodge: Dodged            |    63 |    10 ||    73
  Block: Kite shield       |    36 |    12 ||    48
